 Dungeon Crawl Stone Soup version 0.31-b1-22-gc680215f68 (webtiles) character file.

Game seed: 12788283415531008986

581 BigPumpCobain the Chopper (level 7, -10/61 HPs)
             Began as a Minotaur Fighter on Jan 18, 2024.
             Mangled by a two-headed ogre
             ... wielding a +0 giant spiked club
              (14 damage)
             ... on level 5 of the Dungeon.
             The game lasted 00:04:46 (3551 turns).

BigPumpCobain the Chopper (Minotaur Fighter)        Turns: 3551, Time: 00:04:47

Health: -10/61     AC: 13    Str: 22    XL:     7   Next: 13%
Magic:  6/6        EV:  6    Int: 11    God:
Gold:   264        SH:  5    Dex: 10    Spells: 6/6 levels left

rFire   + . .        a - +2 war axe (flame)
rCold   . . .        c - +0 buckler
rNeg    . . .        y - +0 plate armour
rPois   .            (helmet restricted)
rElec   .            (no cloak)
rCorr   .            o - +0 pair of gloves
SInv    .            (no boots)
Will    .....        (no amulet) Stlth
                     m - ring of protection from fire
HPRegen 0.30/turn    k - +6 ring of intelligence
MPRegen 0.10/turn

%: no passive effects
@: no status effects
A: horns 2, retaliatory headbutt
a: no special abilities


You were on level 5 of the Dungeon.
You visited 2 branches of the dungeon, and saw 6 of its levels.

You collected 264 gold pieces.

Inventory:

Hand Weapons
 a - a +2 war axe of flaming (weapon)
Missiles
 g - 2 throwing nets
 j - 7 boomerangs (quivered)
Armour
 c - a +0 buckler (worn)
 o - a +0 pair of gloves (worn)
 y - a +0 plate armour (worn)
Jewellery
 k - a +6 ring of intelligence (right hand)
 m - a ring of protection from fire (left hand)
 s - a ring of protection from fire
Wands
 p - a wand of paralysis (10)
 x - a wand of flame (28)
Scrolls
 b - 2 scrolls of poison
 e - a scroll of identify
 f - a scroll of teleportation
 h - 2 scrolls of noise
 w - 2 scrolls of fear
Potions
 d - a potion of might
 i - 3 potions of curing {unknown}
 l - a potion of invisibility {unknown}
 n - a potion of magic {unknown}
 q - a potion of degeneration {unknown}
 r - 3 potions of heal wounds {unknown}
 u - a potion of cancellation {unknown}
 v - a potion of haste {unknown}


   Skills:
 + Level 5.3 Fighting
 * Level 5.9 Axes
 + Level 2.4 Throwing
 + Level 5.2 Armour
 + Level 5.1 Shields


You had 6 spell levels left.
You didn't know any spells.
Your spell library contained the following spells:

 Spells                   Type           Power      Damage    Failure   Level
 Inner Flame              Hex/Fire       0%         N/A       100%        3
 Stone Arrow              Conj/Erth      0%         3d7       100%        3
 Animate Armour           Summ/Erth      0%         N/A       100%        4
 Irradiate                Conj/Alch      0%         3d11      100%        5
 Ignition                 Fire           0%         3d3       100%        8
 Lehudib's Crystal Spear  Conj/Erth      0%         10d2      100%        8


Dungeon Overview and Level Annotations

Branches:
Dungeon (5/15)             Temple (1/1) D:5

Altars:
Ashenzari
Cheibriados
Dithmenos
Elyvilon
Fedhas
Gozag
Hepliaklqana
Kikubaaqudgha
Makhleb
Nemelex Xobeh
Qazlal
Ru
Sif Muna
Uskayaw
Wu Jian
Xom
Yredelemnul
The Shining One

Shops:
D:2 !


Innate Abilities, Weirdness & Mutations

You have a pair of horns on your head.
You reflexively headbutt those who attack you in melee.


Message History

The two-headed ogre is lightly wounded.
The two-headed ogre barely misses you. You furiously retaliate!
You headbutt the two-headed ogre. The two-headed ogre barely misses you.
You hit the two-headed ogre. You burn the two-headed ogre.
The two-headed ogre is moderately wounded.
The two-headed ogre hits you but does no damage.
The two-headed ogre barely misses you.
You barely miss the two-headed ogre.
Your headbutt misses the two-headed ogre.
The two-headed ogre is moderately wounded.
You slash the two-headed ogre! You burn the two-headed ogre.
The two-headed ogre is severely wounded.
The two-headed ogre hits you with a +0 giant spiked club!
You block the two-headed ogre's attack.
You hit the two-headed ogre but do no damage.
The two-headed ogre is severely wounded.
The two-headed ogre hits you with a +0 giant spiked club!
The two-headed ogre hits you with a +0 giant club!
* * * LOW HITPOINT WARNING * * *
You are too injured to fight recklessly!
You are too injured to fight recklessly!
You are too injured to fight recklessly!
You are too injured to fight recklessly!
You are too injured to fight recklessly!
You are too injured to fight recklessly!
You are too injured to fight recklessly!
You are too injured to fight recklessly!
You are too injured to fight recklessly!
You are too injured to fight recklessly!
You are too injured to fight recklessly!
You are too injured to fight recklessly!
You are too injured to fight recklessly!
You are too injured to fight recklessly!
You are too injured to fight recklessly!
You are too injured to fight recklessly!
You slash the two-headed ogre! You burn the two-headed ogre.
Your headbutt misses the two-headed ogre.
The two-headed ogre is almost dead.
The two-headed ogre hits you with a +0 giant spiked club!
You die...

...## #.# #.#
....########.### #.#
...............######
#.
....#####...........#
.#### #......####.#
.# #..###.# .#
#..###.## .
#..##!..###.##
......._.@O...#
.#.###...##....# #.#
##.## .#.# #.# # #..
o.. ..#


You could see a two-headed ogre.

Vanquished Creatures
  A sky beast (D:4)
  An ogre (D:5)
  A bombardier beetle (D:4)
  A jelly (D:4)
  An orc priest (D:3)
  A gnoll bouda (D:5)
  An iguana (D:4)
  3 orc wizards (D:3)
  3 gnolls (D:5)
  5 adders
  2 ribbon worms (D:2)
  3 dart slugs
  19 orcs
  7 bats
  6 endoplasms
  A giant cockroach (D:2)
  4 goblins
  6 hobgoblins
  3 jackals (D:3)
  2 quokkas (D:2)
  3 ball pythons
  6 frilled lizards
  5 kobolds
  5 rats
90 creatures vanquished.

Notes
Turn   | Place    | Note
-------+----------+-------------------------------------------
     0 | D:1      | BigPumpCobain the Minotaur Fighter began the quest for the
                  | Orb.
     0 | D:1      | Reached XP level 1. HP: 19/19 MP: 0/0
   569 | D:1      | Reached XP level 2. HP: 27/27 MP: 1/1
   933 | D:2      | Found a white marble altar of Elyvilon.
  1056 | D:2      | Found Ujehaeff's Distillery.
  1102 | D:2      | Found a faded altar of an unknown god.
  1119 | D:2      | Reached XP level 3. HP: 33/33 MP: 2/2
  1895 | D:3      | Reached XP level 4. HP: 39/40 MP: 3/3
  2033 | D:3      | Reached skill level 1 in Throwing
  2038 | D:3      | Reached XP level 5. HP: 32/47 MP: 4/4
  2715 | D:4      | Reached XP level 6. HP: 53/53 MP: 5/5
  2806 | D:4      | Noticed a sky beast
  2815 | D:4      | Killed a sky beast
  2816 | D:4      | Reached skill level 5 in Axes
  2820 | D:4      | Reached skill level 5 in Fighting
  2988 | D:4      | Reached skill level 5 in Armour
  3121 | D:4      | Found an ancient bone altar of Kikubaaqudgha.
  3123 | D:4      | Found an opulent altar of Gozag.
  3250 | D:5      | Entered Level 5 of the Dungeon
  3262 | D:5      | Reached skill level 5 in Shields
  3262 | D:5      | Reached XP level 7. HP: 48/61 MP: 6/6
  3267 | D:5      | Found a staircase to the Ecumenical Temple.
  3312 | Temple   | Entered the Ecumenical Temple
  3536 | D:5      | Found a glowing golden altar of the Shining One.
  3542 | D:5      | Noticed a two-headed ogre
  3550 | D:5      | HP: 3/61 [two-headed ogre/+0 giant spiked club (17)]
  3551 | D:5      | Mangled by a two-headed ogre

Illustrated notes

Levels and vault maps discovered:
D:1:      dpeg_arrival_tiny_i, layout_basic, serial_forest,
          infiniplex_forest_clump_long, infiniplex_forest_straight_3,
          infiniplex_forest_clump_tiny, infiniplex_forest_clump_double,
          infiniplex_forest_clump_double, infiniplex_forest_clump_tiny,
          infiniplex_forest_zigzag_1
D:2:      layout_basic, basic_altar, serial_shops,
          nicolae_shop_industrial_runoff, hellmonk_ecumenical_altar_arch_garden
D:3:      layout_basic
D:4:      layout_loops_ring, nicolae_overflow_hidden_temple
D:5:      layout_loops_corners, nicolae_overflow_crystal_walls,
          minmay_temple_entry_junction, minmay_ogre_servants, uniq_menkaure
Temple:   regret_index_temple_waves

Skill      XL: |  1  2  3  4  5  6 |
---------------+-------------------+-----
Axes           | 3 4 5 |  5.9
Fighting       | 4 5 |  5.3
Shields        | 4 5 |  5.1
Armour         | 4 5 |  5.2
Throwing       | 1 2 |  2.4

Action                     |  1- 3 |  4- 6 |  7- 9 || total
---------------------------+-------+-------+-------++-------
  Melee: War axe           |    78 |    98 |    21 ||   197
         Headbutt          |     6 |    17 |     1 ||    24
  Throw: Boomerang         |       |    12 |       ||    12
    Use: Scroll            |       |     8 |       ||     8
 Armour: Scale mail        |    54 |    58 |       ||   112
         Plate armour      |       |    19 |    18 ||    37
  Dodge: Dodged            |    36 |    31 |     5 ||    72
  Block: Buckler           |    22 |    16 |     6 ||    44
